 Dungeon Crawl Stone Soup version 0.17-a0-1648-g0a089d4 (webtiles) character file.

660 demenator the Skirmisher (level 7, -1/63 HPs)
             Began as a Minotaur Fighter on Aug 12, 2015.
             Killed from afar by an orc wizard (8 damage)
             ... with a puff of flame
             ... on level 5 of the Dungeon.
             The game lasted 00:11:03 (3426 turns).

demenator the Skirmisher (Minotaur Fighter)         Turns: 3426, Time: 00:11:03

Health: -1/63      AC:  8    Str: 23      XL:     7   Next: 30%
Magic:  6/6        EV:  8    Int:  5      God:
Gold:   181        SH: 11    Dex:  8 (9)  Spells: 0 memorised, 6 levels left

rFire  . . .     SeeInvis .     a - +0 long sword
rCold  . . .     Clarity  .     b - +0 scale mail
rNeg   . . .     SustAt   .     c - +1 shield
rPois  .         Gourm    .     (helmet restricted)
rElec  .         Spirit   .     (no cloak)
rCorr  .         Warding  .     (no gloves)
rMut   .         Stasis   .     (no boots)
MR     .....                    (no amulet)
Stlth  ..........               (no ring)
                                p - ring of invisibility

@: not resistant to hostile enchantments, extremely unstealthy
A: retaliatory headbutt, hooves 1, horns 2, icy blue scales 1, wild magic 1
a: Evoke Invisibility


You were on level 5 of the Dungeon.
You were hungry.

You visited 1 branch of the dungeon, and saw 5 of its levels.
You also visited: Sewer.

You collected 253 gold pieces.
You spent 72 gold pieces at shops.

Inventory:

Hand weapons
 a - a +0 long sword (weapon)
Armour
 b - a +0 scale mail (worn)
 c - a +1 shield (worn)
Jewellery
 g - an uncursed amulet of rage {unknown}
 p - a ring of invisibility (left hand)
Magical devices
 s - a wand of polymorph (10)
Scrolls
 d - 2 scrolls of fog
 f - 3 scrolls of remove curse
 i - 3 scrolls of recharging {unknown}
 j - 2 scrolls of fear
 l - 5 scrolls of identify
 q - a scroll of enchant weapon {unknown}
 u - a scroll of blinking
 x - a scroll of amnesia {unknown}
Potions
 e - a potion of haste {unknown}
 m - 2 potions of flight
 n - a potion of cure mutation {unknown}
 o - a potion of berserk rage {unknown}
 t - 3 potions of curing {unknown}
 v - a potion of magic {unknown}
 w - a potion of brilliance {unknown}
Comestibles
 h - 5 meat rations
 r - 3 bread rations


   Skills:
 + Level 6.1 Fighting
 + Level 5.3 Long Blades
 + Level 5.9 Armour
 + Level 5.8 Shields


You had 6 spell levels left.
You didn't know any spells.

Dungeon Overview and Level Annotations

Branches:
Dungeon (5/15)
 Temple: D:4-7

Altars:
Gozag
Nemelex Xobeh
Trog

Shops:
D:4 }([*[


Innate Abilities, Weirdness & Mutations

You reflexively headbutt those who attack you in melee.
You have a pair of horns on your head.
You have large cloven feet.
You are partially covered in icy blue scales (AC +1).
Your spells are a little harder to cast, but a little more powerful.


Message History

You closely miss the orc wizard.
You kick the orc wizard, but do no damage.
The orc wizard is moderately wounded.
You block the orc wizard's attack.
You slash the orc wizard!
You kill the orc wizard!
The orc priest mumbles some strange prayers to Beogh against you.
Something smites you!
* * * LOW HITPOINT WARNING * * *
Drink which item? (? for menu, Esc to quit)
Okay, then.
Read which item? (? for menu, Esc to quit)
As you read the scroll of fear, it crumbles to dust.
You assume a fearsome visage.
The crimson imp is unaffected.
The orc priest looks frightened!
The orc looks frightened!
The crimson imp blinks!
You see here 26 sling bullets.
A puff of flame appears from out of thin air!
The puff of flame hits you!
You die...

###.#....#
#.....#######
####............
.........##.####
###........#
..###..5.###.##
..............#
####....o########
#.oo..o{.(@..#
#...#.######.#
#.........<#.#
######.#.#.#.#
#####.#.#.#.#
#.......†...#
#.......†...#
#...........#
#..........##


You could see 3 orcs.

Vanquished Creatures
  The ghost of PeterLawrence the Shield-Bearer, an average MiFi (D:3)
  A black bear (D:5)
  A phantom (D:3)
  2 iguanas (D:5)
  2 orc wizards
  A hound (D:4)
  2 worker ants (D:4)
  A hound skeleton (D:4)
  8 adders
  2 oozes
  A worm (D:2)
  5 giant geckos
  12 orcs
  4 ball pythons
  6 bats
  2 giant cockroaches (D:3)
  7 goblins
  6 hobgoblins
  4 jackals (D:1)
  4 quokkas
  15 giant newts
  8 kobolds
  A quokka skeleton (D:4)
  8 rats
104 creatures vanquished.

Notes
Turn   | Place    | Note
--------------------------------------------------------------
     0 | D:1      | demenator the Minotaur Fighter began the quest for the Orb.
     0 | D:1      | Reached XP level 1. HP: 19/19 MP: 0/0
    88 | D:1      | Reached skill level 4 in Fighting
   124 | D:1      | Reached XP level 2. HP: 25/27 MP: 1/1
   687 | D:2      | Found an opulent altar of Gozag.
   696 | D:2      | Reached XP level 3. HP: 31/33 MP: 2/2
  1278 | D:3      | Reached XP level 4. HP: 39/41 MP: 3/3
  1309 | D:3      | Noticed a phantom
  1320 | D:3      | Killed a phantom
  1320 | D:3      | Reached skill level 5 in Fighting
  1320 | D:3      | Reached XP level 5. HP: 40/48 MP: 4/4
  1812 | D:3      | Found a bloodstained altar of Trog.
  1881 | D:3      | Noticed PeterLawrence's ghost (average MiFi)
  1904 | D:3      | Killed PeterLawrence's ghost
  1904 | D:3      | Reached skill level 5 in Armour
  1904 | D:3      | Reached skill level 5 in Shields
  1904 | D:3      | Reached XP level 6. HP: 33/56 MP: 5/5
  2157 | D:3      | Gained mutation: You are partially covered in icy blue scales (AC +1). [potion of mutation]
  2157 | D:3      | Gained mutation: You have large cloven feet. [potion of mutation]
  2157 | D:3      | Gained mutation: Your spells are a little harder to cast, but a little more powerful. [potion of mutation]
  2217 | D:4      | Found Sargh's Antique Weapon Shoppe.
  2313 | D:4      | Found Minlesu's Armour Boutique.
  2343 | D:4      | Found Rarghu Xurim's Antique Armour Shoppe.
  2376 | D:4      | Found Serriz's Assorted Antiques.
  2384 | D:4      | Bought a lumpy silvery potion for 22 gold pieces
  2384 | D:4      | Bought a scroll labeled ARAOZX QEOLE for 25 gold pieces
  2384 | D:4      | Bought a scroll labeled COLYSCH CUZUXZA for 25 gold pieces
  2396 | D:4      | Found a sparkling altar of Nemelex Xobeh.
  2479 | D:4      | Found Surem's Gadget Boutique.
  2883 | D:4      | Found a glowing drain.
  2898 | Sewer    | Entered a sewer
  3008 | Sewer    | Reached skill level 5 in Long Blades
  3277 | D:5      | Entered Level 5 of the Dungeon
  3350 | D:5      | Reached XP level 7. HP: 30/62 MP: 6/6
  3399 | D:5      | Reached skill level 6 in Fighting
  3409 | D:5      | HP: 1/63 [orc priest/divine providence (13)]
  3426 | D:5      | Killed from afar by an orc wizard

Vault maps used:
D:1:      saegor_arrival_simple_c
D:2:      nicolae_gozag_seed_capital
D:3:      trog_butcher_becter
D:4:      overflow_temple_1_default, first_bread, portal_sewer_entry_b,
          serial_shops, shop_statue, nicolae_shop_overgrown_old_shop,
          shop_fountains, shop, nicolae_shop_crystal, kennysheep_generic_room_7
D:5:      nicolae_qazlal_style_of_elements, gammafunk_temple_overflow_forgotten
Sewer:    sewer_co_cracked_pipes

Action                   |  1- 3 |  4- 6 |  7- 9 || total
-------------------------+-------+-------+-------++-------
Melee: Long sword        |   111 |   236 |    31 ||   378
  Use: Potion            |       |     8 |     1 ||     9
       Scroll            |       |     8 |     1 ||     9
  Eat: Bread ration      |     1 |       |       ||     1
       Fruit             |       |     3 |       ||     3
       Pizza             |       |     1 |       ||     1
